[Event "Titled Tuesday Blitz April 19 Early 2022"]
[White "Manukian, Artak"]
[Black "Alinasab, Mobina"]
[WhiteFideId "13301373"]
[BlackFideId "12528897"]
[WhiteElo "2322"]
[BlackElo "2031"]
[Result "0-1"]
[Round "07"]
[TimeControl "180+1"]
[Date "2022.04.19"]
[WhiteClock "0:01:08"]
[BlackClock "0:01:55"]

1. e4 c5 2. Nf3 d6 3. Bb5+ Bd7 4. Bxd7+ Qxd7 5. c4 e5 6. d3 Nc6 7. Nc3 g6 8. Nd5 Bg7 9. Bg5 Nce7 10. O-O Nxd5 11. cxd5 Ne7 12. Rb1 f6 13. Bd2 O-O 14. b4 b6 15. a4 Rac8 16. a5 c4 17. axb6 axb6 18. Be3 b5 19. dxc4 Rxc4 20. Nd2 Rc3 21. Rb3 Rfc8 22. Rxc3 Rxc3 23. Nb1 Rc4 24. Qd2 Rxe4 25. f3 Rc4 26. Rc1 Rxc1+ 27. Qxc1 Nxd5 28. Bd2 Nb6 29. Na3 d5 30. Qc5 Nc4 31. Bc1 Bf8 32. Qxb5 Qa7+ 0-1


[Site "https://www.chess.com"]

[Event "Titled Tuesday Blitz April 19 Early 2022"]
[White "Mayaud, Raphael"]
[Black "Jaferian, Koosha"]
[WhiteFideId "627151"]
[BlackFideId "12507440"]
[WhiteElo "2191"]
[BlackElo "2030"]
[Result "0-1"]
[Round "07"]
[TimeControl "180+1"]
[Date "2022.04.19"]
[WhiteClock "0:01:15"]
[BlackClock "0:00:56"]

1. d4 Nf6 2. Bg5 d5 3. Bxf6 exf6 4. e3 c6 5. g3 Bd6 6. Bg2 f5 7. Ne2 Nd7 8. Nd2 Nf6 9. c4 dxc4 10. Nxc4 Bc7 11. O-O h5 12. Nc3 h4 13. d5 hxg3 14. hxg3 cxd5 15. Nxd5 Nxd5 16. Qxd5 Qg5 17. Nd6+ Bxd6 18. Qxd6 Be6 19. Bxb7 Rd8 20. Bc6+ Bd7 21. Qe5+ Kf8 22. Bg2 Qh6 23. Rfd1 Qh2+ 24. Kf1 Qh5 25. Qd6+ Kg8 26. Qe7 Bb5+ 27. Ke1 Qe2# 0-1


[Site "https://www.chess.com"]

[Event "Titled Tuesday Blitz April 19 Early 2022"]
[White "Mikhailovsky, Vladimir"]
[Black "Alekseenko, Kirill"]
[WhiteFideId "34105414"]
[BlackFideId "4135539"]
[WhiteElo "2349"]
[BlackElo "2682"]
[Result "1-0"]
[Round "07"]
[TimeControl "180+1"]
[Date "2022.04.19"]
[WhiteClock "0:00:07"]
[BlackClock "0:00:09"]

1. e4 e5 2. Nf3 Nc6 3. Nc3 Nf6 4. d4 exd4 5. Nxd4 Bb4 6. Nxc6 bxc6 7. Bd3 d5 8. exd5 O-O 9. O-O cxd5 10. h3 c6 11. Qf3 Re8 12. Bf4 Bd6 13. Rfe1 Be6 14. Ne2 Rb8 15. b3 c5 16. Rad1 Qc7 17. c3 a5 18. Bxd6 Qxd6 19. Nf4 Bd7 20. Rxe8+ Rxe8 21. Bc4 Bc6 22. Bxd5 Nxd5 23. Nxd5 h6 24. c4 Qg6 25. Qc3 a4 26. Rd3 axb3 27. axb3 Qe4 28. Re3 Qb1+ 29. Kh2 Rxe3 30. Qxe3 Kh7 31. Qxc5 Bxd5 32. Qxd5 Qxb3 33. Qxf7 Qc2 34. g3 Kh8 35. h4 Kh7 36. Kg2 Qc3 37. Qf5+ Kg8 38. Qd5+ Kh7 39. c5 Kg6 40. c6 h5 41. Qd6+ Kh7 42. c7 Qc2 43. Qd7 Qe4+ 44. Kh2 Qc2 45. Kg1 Qb1+ 46. Kg2 Qe4+ 47. Kh2 Qc2 48. Qf7 Kh6 49. Kg2 Qc6+ 50. Kg1 Qc1+ 51. Kh2 Qc2 52. Qf4+ Kh7 53. Kg2 Qc6+ 54. Kf1 Qa6+ 55. Ke1 Qa1+ 56. Ke2 Qa2+ 57. Ke3 Qb3+ 58. Ke4 Qe6+ 59. Kd4 Qb6+ 60. Kd5 Qb5+ 61. Kd6 Qb6+ 62. Kd7 Qb5+ 63. Ke7 Qc5+ 64. Kd8 Qd5+ 65. Kc8 Qa8+ 66. Kd7 Qd5+ 67. Qd6 Qf7+ 68. Kd8 Qg8+ 69. Ke7 Qa8 70. Qd7 Qe4+ 71. Kd8 Qe5 72. c8=Q Qf6+ 73. Qe7 Qd4+ 74. Qcd7 Qb6+ 75. Ke8 Qb8+ 76. Qed8 Qe5+ 77. Q7e7 Qb5+ 78. Kf8 Qf5+ 79. Qf7 Qc5+ 80. Ke8 Qc6+ 81. Qdd7 Qa8+ 82. Ke7 Qe4+ 83. Qfe6 Qb4+ 84. Qdd6 Qb7+ 85. Qed7 Qe4+ 86. Q6e6 Qb4+ 87. Ke8 Qb8+ 88. Kf7 Qb2 89. Qf5+ Kh6 90. Qde6+ 1-0


[Site "https://www.chess.com"]

[Event "Titled Tuesday Blitz April 19 Early 2022"]
[White "Mikhalsky, Vladimir"]
[Black "Cagara, Paulina"]
[WhiteFideId "14144352"]
[BlackFideId "1124870"]
[WhiteElo "2301"]
[BlackElo "1780"]
[Result "1-0"]
[Round "07"]
[TimeControl "180+1"]
[Date "2022.04.19"]
[WhiteClock "0:00:15"]
[BlackClock "0:00:57"]

1. c4 f5 2. b3 Nf6 3. Bb2 g6 4. Bxf6 exf6 5. Nc3 Bb4 6. Nd5 Bc5 7. Nf3 c6 8. Nc3 O-O 9. e3 d5 10. d4 Bb4 11. Qc2 dxc4 12. Bxc4+ Kg7 13. a3 Bd6 14. h4 f4 15. h5 fxe3 16. fxe3 Bf5 17. e4 Bg3+ 18. Kf1 Bg4 19. Ne2 Bc7 20. hxg6 hxg6 21. Kf2 Rh8 22. e5 Nd7 23. Nf4 Bf5 24. Qxf5 gxf5 25. Ne6+ Kg6 26. Nxd8 Raxd8 27. Be6 fxe5 28. Rxh8 Rxh8 29. Bxd7 exd4 30. Re1 Rd8 31. Re6+ Kh5 32. Re7 Bd6 33. Rf7 Bxa3 34. Bxf5 Rh8 35. Rf6 Rg8 36. g4+ Rxg4 37. Bxg4+ Kxg4 38. Nxd4 Bc5 39. Ke3 Bb6 40. Rf7 c5 41. Nb5 c4+ 42. Ke2 cxb3 43. Kd3 a5 44. Rxb7 Bg1 45. Nc3 Kf3 46. Rxb3 a4 47. Nxa4 Be3 48. Nc3 Bg1 49. Nd1 Kf4 50. Rb7 Ke5 51. Nc3 Kd6 52. Rb5 Kc6 53. Rh5 Bc5 54. Kc4 Bd6 55. Rh6 Kd7 56. Kd5 Bf4 57. Rh7+ Ke8 58. Ke6 Kd8 59. Ne4 Kc8 60. Nd6+ Kb8 61. Kd5 Ka8 62. Kc6 1-0


[Site "https://www.chess.com"]

[Event "Titled Tuesday Blitz April 19 Early 2022"]
[White "Molina, Roberto Junio Brito"]
[Black "Piesik, Piotr"]
[WhiteFideId "2109450"]
[BlackFideId "1136194"]
[WhiteElo "2432"]
[BlackElo "2190"]
[Result "1/2-1/2"]
[Round "07"]
[TimeControl "180+1"]
[Date "2022.04.19"]
[WhiteClock "0:00:11"]
[BlackClock "0:00:10"]

1. d4 c5 2. d5 e5 3. e4 d6 4. Be2 Be7 5. Bg4 Nd7 6. Nc3 a6 7. a4 Bg5 8. Bxg5 Qxg5 9. h4 Qe7 10. Qd2 Ngf6 11. Be2 Nf8 12. g3 Bg4 13. f3 Bd7 14. a5 Ng6 15. h5 Nf8 16. h6 gxh6 17. Qxh6 O-O-O 18. Qe3 Rg8 19. g4 h5 20. gxh5 Rg2 21. O-O-O N8h7 22. Bf1 Rg5 23. h6 Rdg8 24. Nge2 Nh5 25. Bh3 Bxh3 26. Rxh3 Qf6 27. Rdh1 Ng3 28. Nxg3 Rxg3 29. Ne2 Rxh3 30. Rxh3 Qg5 31. Qxg5 Nxg5 32. h7 Rh8 33. Rh5 f6 34. Ng3 Rxh7 35. Rxh7 Nxh7 36. Kd2 Ng5 37. Ke3 Nh3 38. Nh5 Kc7 39. Nxf6 Nf4 40. Ng4 b6 41. axb6+ Kxb6 42. Kd2 Ng2 43. Ne3 Nh4 44. Ke2 Kc7 45. Kf2 Ng6 46. Ng2 Kb6 47. Kg3 Kb5 48. Kg4 c4 49. Kf5 c3 50. b3 Nf8 51. Ne3 Kc5 52. Nc4 Nd7 53. Ke6 Nf8+ 54. Kf5 Nd7 55. f4 exf4 56. Kxf4 Nf6 57. Ke3 Ng4+ 58. Kd3 Nf2+ 59. Ke3 Nd1+ 60. Ke2 Nb2 61. Ne3 Kd4 62. Kf3 a5 63. Kf4 Kc5 64. Nf5 Nc4 65. Ne3 Ne5 66. Kf5 Kd4 67. Kf4 Ng6+ 68. Kf3 Ne5+ 69. Kf4 Ng6+ 70. Kf3 Ne5+ 71. Kf4 1/2-1/2


[Site "https://www.chess.com"]

[Event "Titled Tuesday Blitz April 19 Early 2022"]
[White "Muradov, Soltan"]
[Black "Moskvin, Anatoly"]
[WhiteFideId "14002108"]
[BlackFideId "24199990"]
[WhiteElo "1854"]
[BlackElo "2079"]
[Result "0-1"]
[Round "07"]
[TimeControl "180+1"]
[Date "2022.04.19"]
[WhiteClock "0:02:04"]
[BlackClock "0:02:14"]

1. d4 Nf6 2. c4 c5 3. d5 b5 4. cxb5 a6 5. bxa6 Bxa6 6. Nc3 g6 7. e4 Bxf1 8. Kxf1 d6 9. g3 Bg7 10. Kg2 O-O 11. h3 Nbd7 12. Nge2 Qb6 13. Qc2 Rfb8 14. Rb1 Qa6 15. b3 Ne8 16. Bb2 Nc7 17. h4 h5 18. Ra1 Ne5 19. Rhd1 c4 20. Nd4 Nd3 21. Nc6 Re8 22. Rxd3 cxd3 23. Qd2 e6 24. a4 exd5 25. exd5 Nxd5 26. Nxd5 Qxc6 0-1


[Site "https://www.chess.com"]

[Event "Titled Tuesday Blitz April 19 Early 2022"]
[White "Nakamura, Hikaru"]
[Black "Fedoseev, Vladimir"]
[WhiteFideId "2016192"]
[BlackFideId "24130737"]
[WhiteElo "2850"]
[BlackElo "2726"]
[Result "1-0"]
[Round "07"]
[TimeControl "180+1"]
[Date "2022.04.19"]
[WhiteClock "0:00:14"]
[BlackClock "0:00:05"]

1. Nf3 d5 2. b3 c5 3. e3 a6 4. Bb2 Nc6 5. d4 cxd4 6. Nxd4 Qc7 7. c4 Nxd4 8. Qxd4 dxc4 9. Nc3 Nf6 10. Bxc4 e6 11. Rc1 Bc5 12. Qh4 O-O 13. Bd3 Qd8 14. Ne4 Nxe4 15. Qxe4 f5 16. Qe5 Bb4+ 17. Ke2 Rf7 18. Rhd1 Qe8 19. Bxf5 Bd7 20. Bd3 Qf8 21. f3 Bb5 22. a4 Bd6 23. Qd4 Bxd3+ 24. Rxd3 Bxh2 25. Qe4 Qe7 26. Rh1 Qc7 27. Qxe6 Bg3 28. Rc1 Qe7 29. Qxe7 Rxe7 30. Rcd1 Rc8 31. Rd8+ Rxd8 32. Rxd8+ Kf7 33. e4 h5 34. Rd5 g6 35. Bd4 Rc7 36. Rc5 Rd7 37. Be3 Ke6 38. Rg5 h4 39. Rxg6+ Kf7 40. Rh6 Kg7 41. Rh5 Rc7 42. Rc5 Rd7 43. f4 Kg6 44. Rg5+ Kf6 45. Rd5 Rc7 46. Rd6+ Ke7 47. Rd3 Rc2+ 48. Kf3 Rb2 49. Bd4 Rb1 50. Kg4 Re1 51. Kf5 Rf1 52. Bc5+ Ke8 53. Be3 Re1 54. e5 Re2 55. Ke6 Rxg2 56. f5 Rc2 57. f6 Rc6+ 58. Kf5 h3 59. e6 Bd6 60. f7+ 1-0


[Site "https://www.chess.com"]

[Event "Titled Tuesday Blitz April 19 Early 2022"]
[White "Nazari, Arad"]
[Black "Maksimenko, Viktor"]
[WhiteFideId "12577324"]
[BlackFideId "13710478"]
[WhiteElo "2129"]
[BlackElo "2269"]
[Result "1-0"]
[Round "07"]
[TimeControl "180+1"]
[Date "2022.04.19"]
[WhiteClock "0:00:53"]
[BlackClock "0:00:09"]

1. e4 c6 2. Nf3 d5 3. Nc3 dxe4 4. Nxe4 Nf6 5. Qe2 Nxe4 6. Qxe4 Nd7 7. Bc4 Nf6 8. Ne5 e6 9. Qe2 b5 10. Bd3 Bd6 11. Nxc6 Qc7 12. a4 b4 13. Nd4 a6 14. Nf5 Be5 15. Nxg7+ Kf8 16. Nh5 Nxh5 17. Qxh5 Bb7 18. Qh4 Rg8 19. Be4 f5 20. Bxb7 Qxb7 21. d3 Rc8 22. Bh6+ Kf7 23. O-O-O b3 24. c3 Rg4 25. Qh5+ Kg8 26. Rhe1 Bxc3 27. bxc3 Rxa4 28. Kb2 Ra2+ 29. Kb1 Rxc3 30. Qg5+ Kh8 31. Qf6+ Kg8 32. Qf8# 1-0


[Site "https://www.chess.com"]

[Event "Titled Tuesday Blitz April 19 Early 2022"]
[White "Ning, Kaiyu"]
[Black "Korchmar, Vasiliy"]
[WhiteFideId "8614750"]
[BlackFideId "24131750"]
[WhiteElo "2013"]
[BlackElo "2370"]
[Result "1-0"]
[Round "07"]
[TimeControl "180+1"]
[Date "2022.04.19"]
[WhiteClock "0:00:10"]
[BlackClock "0:00:41"]

1. d4 d5 2. c4 c6 3. e3 Nf6 4. Nc3 e6 5. Nf3 a6 6. b3 Bb4 7. Bd2 O-O 8. Bd3 Nbd7 9. O-O Qe7 10. a3 Bd6 11. c5 Bc7 12. e4 dxe4 13. Nxe4 Nxe4 14. Bxe4 e5 15. Re1 h6 16. b4 f5 17. Bc2 e4 18. g3 Nf6 19. Nh4 Qf7 20. f3 Be6 21. fxe4 fxe4 22. Rf1 Rad8 23. Be3 Qe8 24. Bb3 Bxb3 25. Qxb3+ Nd5 26. Rxf8+ Qxf8 27. Rf1 Qe7 28. Ng6 Qe6 29. Nh4 Kh7 30. Bc1 e3 31. Qd3+ Kg8 32. Re1 Re8 33. Nf5 e2 34. Qf3 Rf8 35. g4 Re8 36. h4 h5 37. Kf2 Rf8 38. Rxe2 Qg6 39. Kg2 hxg4 40. Qxd5+ cxd5 41. Ne7+ Kh7 42. Nxg6 Kxg6 43. Re7 Rf7 44. h5+ Kf6 45. Bg5+ Kxg5 46. Rxf7 Bf4 47. Rxg7+ Kxh5 48. Rd7 Kh4 49. Rxd5 Bc1 50. a4 Ba3 51. b5 axb5 52. axb5 g3 53. c6 bxc6 54. bxc6 Bd6 55. Rxd6 Kg4 56. c7 Kh4 57. c8=Q Kh5 58. Qh8+ Kg4 59. Qf8 Kg5 60. Qf7 Kg4 61. Rg6+ Kh5 62. Qh7# 1-0


[Site "https://www.chess.com"]

[Event "Titled Tuesday Blitz April 19 Early 2022"]
[White "Niyazgulova, Marina"]
[Black "Mekhitarian, Krikor Sevag"]
[WhiteFideId "24142573"]
[BlackFideId "2107660"]
[WhiteElo "2046"]
[BlackElo "2598"]
[Result "0-1"]
[Round "07"]
[TimeControl "180+1"]
[Date "2022.04.19"]
[WhiteClock "0:00:05"]
[BlackClock "0:00:09"]

1. d4 Nf6 2. c4 g6 3. Nc3 d5 4. cxd5 Nxd5 5. e4 Nxc3 6. bxc3 Bg7 7. Bc4 c5 8. Ne2 Nc6 9. Be3 O-O 10. O-O Bg4 11. f3 Bd7 12. Qd2 Qa5 13. Rfd1 cxd4 14. cxd4 Qxd2 15. Rxd2 Rfc8 16. a3 Na5 17. Ba2 Nc4 18. Bxc4 Rxc4 19. e5 Rac8 20. Raa2 b5 21. Kf2 a5 22. Nf4 e6 23. Nd3 Bf8 24. Nc5 Bc6 25. Ke2 Be7 26. Rac2 Rxc2 27. Rxc2 Bd5 28. Rb2 g5 29. Kd2 Bc6 30. Kd3 Kg7 31. Rb1 Kg6 32. Rb2 h5 33. Rb1 Rb8 34. Rb2 Bd5 35. Rb1 Kf5 36. Rb2 Kg6 37. Rb1 g4 38. fxg4 hxg4 39. g3 b4 40. axb4 axb4 41. Na6 Rb6 42. Nc5 b3 43. Rb2 Rb8 44. Kc3 Rc8 45. Kd3 Ra8 46. Nxb3 Ba3 47. Rb1 Kf5 48. Nd2 Be7 49. Rf1+ Kg6 50. Ke2 Ra2 51. Rf2 Bc4+ 52. Kd1 Bd5 53. Rf4 Kh7 54. Rxg4 Bb4 55. Rf4 Kg6 56. Rg4+ Kh7 57. Rf4 Kg8 58. Rg4+ Kf8 59. Rf4 Ke8 60. Rf2 Ra1+ 61. Ke2 Ra2 62. Kd1 Bc6 63. h4 Ba4+ 64. Ke2 Bb5+ 65. Kd1 Bd3 66. Nb3 Ra3 67. Nc1 Be4 68. Bd2 Bf8 69. Bf4 Ra4 70. Rd2 Bd5 71. Be3 Bb4 72. Rb2 Bc3 73. Rc2 Bxd4 74. Rd2 Bxe3 75. Re2 Bxc1 76. Rd2 Rg4 77. Kxc1 Rxg3 78. Rh2 Rg6 79. h5 Rh6 80. Kd2 f6 81. exf6 Kf7 82. Ke3 Kxf6 83. Kf4 e5+ 84. Ke3 Kg5 85. Kd3 Rxh5 86. Re2 Rh3+ 87. Kd2 Kf4 88. Rf2+ Bf3 89. Kd3 e4+ 90. Kd2 Rh8 91. Ke1 Rd8 92. Ra2 e3 93. Ra4+ Kg3 94. Ra1 Rd1+ 95. Rxd1 Bxd1 96. Kxd1 Kf2 97. Kc2 e2 98. Kc3 e1=Q+ 99. Kc4 Kf3 0-1


[Site "https://www.chess.com"]

[Event "Titled Tuesday Blitz April 19 Early 2022"]
[White "Nogerbek, Kazybek"]
[Black "Mitrabha, Guha"]
[WhiteFideId "13710427"]
[BlackFideId "5057000"]
[WhiteElo "2466"]
[BlackElo "2468"]
[Result "0-1"]
[Round "07"]
[TimeControl "180+1"]
[Date "2022.04.19"]
[WhiteClock "0:01:23"]
[BlackClock "0:00:30"]

1. e4 e5 2. Nf3 Nc6 3. Bb5 a6 4. Ba4 Bc5 5. O-O Nge7 6. Nc3 d6 7. h3 O-O 8. d3 h6 9. Be3 Kh8 10. d4 exd4 11. Nxd4 Nxd4 12. Bxd4 Bxd4 13. Qxd4 b5 14. Bb3 c5 15. Qd3 c4 16. Bxc4 bxc4 17. Qxc4 Be6 18. Qd4 Nc6 19. Qe3 Qb8 20. b3 Nb4 21. Rac1 Rc8 22. a3 Rxc3 23. Qxc3 Na2 24. Qd4 Nxc1 25. Rxc1 Qc7 26. c4 Qc5 27. Qb2 a5 28. b4 axb4 29. axb4 Qc6 30. Qd4 Ra4 31. c5 dxc5 32. Rxc5 Qb7 33. f3 Rxb4 34. Qd6 Rb6 35. Qf8+ Kh7 36. Kh2 Rb2 37. Qd6 Qb4 38. Rc6 Qe1 39. Qg3 Qf1 40. e5 Rb1 41. Qf4 Qg1+ 42. Kg3 Rb2 43. Qe4+ g6 44. f4 Qf2+ 45. Kh2 Re2 0-1


[Site "https://www.chess.com"]

[Event "Titled Tuesday Blitz April 19 Early 2022"]
[White "Ocelak, Jakub"]
[Black "Zia, Tahsin Tajwar"]
[WhiteFideId "23707933"]
[BlackFideId "10211888"]
[WhiteElo "2048"]
[BlackElo "1800"]
[Result "0-1"]
[Round "07"]
[TimeControl "180+1"]
[Date "2022.04.19"]
[WhiteClock "0:00:08"]
[BlackClock "0:00:06"]

1. e4 c6 2. Nf3 d5 3. d3 dxe4 4. dxe4 Qxd1+ 5. Kxd1 Nf6 6. Nfd2 h5 7. Bd3 g5 8. Ke2 g4 9. a4 Nbd7 10. Nc4 Nc5 11. Nc3 Be6 12. Be3 Ncxe4 13. Nxe4 Nxe4 14. Na5 Nd6 15. Rhd1 Bg7 16. c3 h4 17. Bf4 O-O-O 18. Be3 Kb8 19. Bc2 Be5 20. Nb3 Bc4+ 21. Ke1 g3 22. fxg3 hxg3 23. h3 f5 24. Bd4 Bxd4 25. Nxd4 Rhf8 26. b3 Bd5 27. Kf1 e5 28. Ne2 f4 29. c4 Be4 30. Rxd6 Bxc2 31. Re6 e4 32. Rc1 Bd3 33. Ke1 Bxe2 34. Kxe2 f3+ 35. Ke3 fxg2 36. Rxe4 Rf1 0-1


[Site "https://www.chess.com"]

[Event "Titled Tuesday Blitz April 19 Early 2022"]
[White "Oganian, Miran"]
[Black "Agibileg, Uurtsaikh"]
[WhiteFideId "4122488"]
[BlackFideId "4901606"]
[WhiteElo "2357"]
[BlackElo "2205"]
[Result "1-0"]
[Round "07"]
[TimeControl "180+1"]
[Date "2022.04.19"]
[WhiteClock "0:01:10"]
[BlackClock "0:00:13"]

1. e4 c5 2. Nf3 e6 3. c3 Nf6 4. e5 Nd5 5. d4 cxd4 6. cxd4 d6 7. Bc4 Be7 8. O-O Nd7 9. Bxd5 exd5 10. exd6 Bxd6 11. Re1+ Kf8 12. Nc3 Nf6 13. Ne5 h6 14. Qf3 Be6 15. Bf4 Kg8 16. Ng6 Rh7 17. Nb5 Bb4 18. Rxe6 fxe6 19. Nc7 Rc8 20. a3 Bd2 21. Nxe6 Qe8 22. Nef8 Bc1 23. Be5 Ne4 24. h4 Bxb2 25. Rd1 Rc6 26. h5 Rc3 27. Qf5 Bxa3 28. Nxh7 Kxh7 29. Nf8+ Kg8 30. Qh7+ Kxf8 31. Qxg7# 1-0


[Site "https://www.chess.com"]

[Event "Titled Tuesday Blitz April 19 Early 2022"]
[White "Okike, David"]
[Black "Golubeva, Oksana"]
[WhiteFideId "8500134"]
[BlackFideId "4170164"]
[WhiteElo "2232"]
[BlackElo "2162"]
[Result "1-0"]
[Round "07"]
[TimeControl "180+1"]
[Date "2022.04.19"]
[WhiteClock "0:01:25"]
[BlackClock "0:01:07"]

1. e4 e6 2. d4 d5 3. Nc3 Bb4 4. e5 c5 5. a3 Bxc3+ 6. bxc3 Ne7 7. Qg4 cxd4 8. Qxg7 Rg8 9. Qxh7 dxc3 10. Ne2 Nbc6 11. f4 d4 12. Rb1 Qd5 13. h4 Bd7 14. h5 O-O-O 15. Qd3 Rg4 16. Rh3 Nf5 17. Qb5 Qxb5 18. Rxb5 Rh8 19. g3 a6 20. Rb1 Nce7 21. Bg2 Bc6 22. Bxc6 Nxc6 23. Kf2 Nh6 24. Kf3 Rhg8 25. a4 Kc7 26. Ba3 Nf5 27. h6 R4g6 28. h7 Rh8 29. g4 Ne3 30. Bd6+ Kc8 31. Nxd4 Nxd4+ 32. Kxe3 Nc6 33. g5 Rg7 34. Rbh1 Nb4 35. Bxb4 Kd7 36. Bxc3 Kc6 37. Bb4 b5 38. axb5+ axb5 39. Be7 Kd5 40. Bf6 1-0


[Site "https://www.chess.com"]

[Event "Titled Tuesday Blitz April 19 Early 2022"]
[White "Oparin, Grigoriy"]
[Black "Seo, Jung Min"]
[WhiteFideId "24125890"]
[BlackFideId "1734687"]
[WhiteElo "2665"]
[BlackElo "2401"]
[Result "1-0"]
[Round "07"]
[TimeControl "180+1"]
[Date "2022.04.19"]
[WhiteClock "0:00:06"]
[BlackClock "0:00:01"]

1. e4 c6 2. Nc3 d5 3. Nf3 dxe4 4. Nxe4 Nf6 5. Qe2 Nxe4 6. Qxe4 Qd5 7. Qf4 Qf5 8. Qg3 Qxc2 9. Be2 Qg6 10. Qc7 Nd7 11. O-O Qd6 12. Qa5 e6 13. d4 Be7 14. Re1 O-O 15. Be3 b6 16. Qh5 a5 17. Rac1 Ba6 18. Bd1 Bd3 19. Ne5 Nxe5 20. dxe5 Qc7 21. Bf3 Bb5 22. Be4 g6 23. Qf3 Rac8 24. h4 Bxh4 25. Qg4 Be7 26. Bg5 Bxg5 27. Qxg5 c5 28. Rc3 Qd8 29. Qh6 f5 30. exf6 Qxf6 31. Rf3 Qg7 32. Qh3 Bd7 33. Rd3 Rcd8 34. Red1 Qe7 35. Qg3 Bb5 36. Rd6 Rxd6 37. Rxd6 Bc4 38. b3 Bd5 39. Bd3 Qc7 40. Qe5 Qg7 41. Qg3 Qc7 42. Qe5 Rf7 43. Bc4 Bxc4 44. bxc4 Re7 45. a4 h5 46. g3 Kh7 47. Kh2 Re8 48. f4 Rd8 49. Rxd8 Qxd8 50. Qxe6 Qc7 51. Qf6 Qb7 52. Qe6 Qc7 53. Qf6 Qd7 54. Qxb6 Qxa4 55. Qxc5 Qc2+ 56. Kh3 Qf5+ 57. Qxf5 gxf5 58. c5 a4 59. c6 a3 60. c7 a2 61. c8=Q a1=Q 62. Qxf5+ Kg8 63. Qg6+ Kf8 64. Qxh5 Qh1+ 65. Kg4 Qd1+ 66. Kh4 Qh1+ 67. Kg5 Qd5+ 68. Kh6 Qc6+ 69. Qg6 Qh1+ 70. Kg5 Qf3 71. g4 Qe3 72. Qf5+ Kg8 73. Qd5+ Kf8 74. Qd6+ Kf7 75. Qe5 Qd2 76. Qf6+ Kg8 77. Qe6+ Kg7 78. Qg6+ Kf8 79. Qf5+ Kg8 80. Kg6 Qd6+ 81. Qf6 Qd3+ 82. f5 Qd7 83. Qe6+ 1-0


[Site "https://www.chess.com"]

[Event "Titled Tuesday Blitz April 19 Early 2022"]
[White "Pacheco Lugo, Alejandro Jose"]
[Black "Vusatiuk, Vladimir"]
[WhiteFideId "3903745"]
[BlackFideId "14118610"]
[WhiteElo "2146"]
[BlackElo "2157"]
[Result "0-1"]
[Round "07"]
[TimeControl "180+1"]
[Date "2022.04.19"]
[WhiteClock "0:00:48"]
[BlackClock "0:00:07"]

1. e4 Nc6 2. d4 d5 3. e5 Bf5 4. c3 e6 5. Nf3 f6 6. Bf4 Nge7 7. Be2 Ng6 8. Bg3 fxe5 9. Nxe5 Ngxe5 10. dxe5 Qd7 11. O-O O-O-O 12. b4 g5 13. b5 Na5 14. Qd4 b6 15. Nd2 h5 16. h4 Bc5 17. Qa4 Qe7 18. Nb3 Bc2 19. Rfc1 Qh7 20. Rxc2 Qxc2 21. Nxc5 Qxe2 22. Nxe6 gxh4 23. Qxh4 Rde8 24. Qf6 Qxb5 25. Nd4 Qb2 26. Rd1 h4 27. Bh2 Ref8 28. Qe6+ Kb8 29. Nf3 h3 30. Bg3 hxg2 31. Kxg2 Qxc3 32. Qxd5 Qc6 33. Qxc6 Nxc6 34. e6 Re8 35. Ng5 Rhg8 36. f4 Nd8 37. Kf3 Nxe6 38. Nxe6 Rxe6 39. Rd7 Rc6 40. Bh4 Rc3+ 41. Ke4 Rc4+ 42. Kf3 Rf8 43. Bg5 Kb7 44. Kg4 a5 45. Bh6 Rf6 46. Kg5 Rxh6 47. Kxh6 Rxf4 48. Kg5 Ra4 49. Rd2 Re4 50. Kf5 Re8 51. Rc2 b5 52. Kf4 Kb6 53. Kf5 c5 54. Kf6 b4 55. Kf7 Re1 56. Rd2 Kb5 57. Rd6 a4 58. Rd8 b3 59. Rb8+ Kc4 60. axb3+ axb3 61. Kf6 Rf1+ 62. Ke5 Kc3 63. Kd5 c4 64. Rc8 Rf5+ 65. Ke4 Rh5 66. Rb8 b2 67. Rb7 Kc2 68. Kd4 c3 69. Rc7 Rh4+ 0-1


[Site "https://www.chess.com"]

[Event "Titled Tuesday Blitz April 19 Early 2022"]
[White "Pakleza, Zbigniew"]
[Black "Dev, Shah"]
[WhiteFideId "1119290"]
[BlackFideId "35019058"]
[WhiteElo "2467"]
[BlackElo "2075"]
[Result "1-0"]
[Round "07"]
[TimeControl "180+1"]
[Date "2022.04.19"]
[WhiteClock "0:00:07"]
[BlackClock "0:00:49"]

1. d4 d5 2. Bf4 Nf6 3. e3 e6 4. Nd2 c5 5. c3 Bd6 6. Bxd6 Qxd6 7. f4 Nc6 8. Ngf3 cxd4 9. cxd4 Ng4 10. Qb3 Qb4 11. Qxb4 Nxb4 12. Bb5+ Bd7 13. Bxd7+ Kxd7 14. Ke2 Nc2 15. Rac1 Ngxe3 16. Nf1 Nxg2 17. Ne5+ Ke7 18. Rxc2 f6 19. Nd3 Rac8 20. Rxc8 Rxc8 21. Ne3 Nxe3 22. Kxe3 Kd6 23. Rc1 Rg8 24. Nc5 b6 25. Na6 g5 26. Nc7 gxf4+ 27. Kxf4 a6 28. Rc2 e5+ 29. Kf5 Rg1 30. Kxf6 Rf1+ 31. Kg5 exd4 32. Nxa6 Ke5 33. Nb4 Rg1+ 34. Kh4 Kf4 35. Rd2 Ke3 36. Rd3+ Ke4 37. Rd2 Ke3 38. Rd3+ Ke4 39. Rb3 Rg6 40. a4 Kf4 41. Nxd5+ Ke4 42. Nxb6 Kf4 43. Nd5+ Ke4 44. Nb4 Kf4 45. Kh3 Ke4 46. a5 h5 47. a6 Kf4 48. a7 Rg8 49. Ra3 Ra8 50. Nd3+ Ke3 51. b4 Kd2 52. b5 Kc2 53. b6 h4 54. b7 1-0


[Site "https://www.chess.com"]

[Event "Titled Tuesday Blitz April 19 Early 2022"]
[White "Palacio,Igor Da Paz"]
[Black "Winkels, Marcel"]
[WhiteFideId "2121140"]
[BlackFideId "1003887"]
[WhiteElo "2144"]
[BlackElo "1900"]
[Result "1-0"]
[Round "07"]
[TimeControl "180+1"]
[Date "2022.04.19"]
[WhiteClock "0:00:04"]
[BlackClock "0:00:02"]

1. e4 c5 2. Nc3 d6 3. g3 Nc6 4. Bg2 g6 5. d3 Bg7 6. f4 e6 7. Nf3 Nge7 8. O-O O-O 9. Be3 b6 10. d4 d5 11. exd5 exd5 12. Bf2 c4 13. Ne5 Bb7 14. Re1 f6 15. Nxc6 Bxc6 16. Qe2 Re8 17. Qe6+ Kh8 18. Qf7 Rc8 19. Re2 Nf5 20. Rxe8+ Qxe8 21. Qxe8+ Rxe8 22. Nxd5 Rd8 23. Nb4 Bxg2 24. Kxg2 Re8 25. Kf3 g5 26. c3 h5 27. h3 Nh6 28. Re1 g4+ 29. hxg4 h4 30. Rxe8+ Kh7 31. gxh4 Nf7 32. Re7 Nd6 33. Rxa7 f5 34. Rxg7+ Kxg7 35. g5 Kg6 36. Nd5 Ne4 37. Ne7+ Kf7 38. Nxf5 Nd2+ 39. Ke2 1-0


[Site "https://www.chess.com"]

[Event "Titled Tuesday Blitz April 19 Early 2022"]
[White "Paravyan, David"]
[Black "Weetik, Vjacheslav"]
[WhiteFideId "4194985"]
[BlackFideId "4153472"]
[WhiteElo "2569"]
[BlackElo "2469"]
[Result "1-0"]
[Round "07"]
[TimeControl "180+1"]
[Date "2022.04.19"]
[WhiteClock "0:02:01"]
[BlackClock "0:01:14"]

1. e4 c6 2. d4 d5 3. e5 Bf5 4. Nf3 e6 5. Be2 Nd7 6. O-O Bg6 7. a4 Nh6 8. Bxh6 gxh6 9. a5 Rg8 10. c4 dxc4 11. Bxc4 Bh5 12. Be2 Bxf3 13. Bxf3 a6 14. Nc3 Qh4 15. g3 O-O-O 16. Bg2 Qe7 17. Qc2 Kb8 18. Ne4 Ka8 19. Nd6 Nb8 20. Nc4 Rxd4 21. Nb6+ Ka7 22. Nc8+ 1-0


[Site "https://www.chess.com"]

[Event "Titled Tuesday Blitz April 19 Early 2022"]
[White "Pesotskiy, Mikhail"]
[Black "Soucek, Petr"]
[WhiteFideId "34164453"]
[BlackFideId "23715170"]
[WhiteElo "2010"]
[BlackElo "1979"]
[Result "1-0"]
[Round "07"]
[TimeControl "180+1"]
[Date "2022.04.19"]
[WhiteClock "0:00:14"]
[BlackClock "0:00:02"]

1. d4 Nf6 2. c4 g6 3. Nc3 Bg7 4. e4 O-O 5. Be3 d6 6. f3 Nc6 7. Qd2 a6 8. Bd3 e5 9. d5 Nd4 10. Nge2 c5 11. dxc6 Nxc6 12. O-O Be6 13. Rfd1 Nd7 14. Rac1 f5 15. b3 f4 16. Bf2 g5 17. h3 Rf6 18. Bb1 Bf8 19. Nd5 Rg6 20. Kf1 h5 21. Ng1 g4 22. hxg4 hxg4 23. Nb4 Qg5 24. Nxc6 bxc6 25. Ke2 Qh5 26. Qe1 g3 27. Bb6 Nxb6 28. Kd2 d5 29. Kc2 dxc4 30. Qa5 cxb3+ 31. axb3 Rb8 32. Ba2 Rg7 33. Ne2 Rd7 34. Nxf4 Qf7 35. Nxe6 Qxe6 36. b4 Nc4 37. Rxd7 Bxb4 38. Qc7 Ne3+ 39. Kd3 Qxa2 40. Rg7+ Kf8 41. Qxb8+ Kxg7 42. Qxb4 1-0


[Site "https://www.chess.com"]

[Event "Titled Tuesday Blitz April 19 Early 2022"]
[White "Petrovic, Aleksa"]
[Black "Wagner, Dennis"]
[WhiteFideId "967629"]
[BlackFideId "24650684"]
[WhiteElo "2198"]
[BlackElo "2355"]
[Result "0-1"]
[Round "07"]
[TimeControl "180+1"]
[Date "2022.04.19"]
[WhiteClock "0:00:51"]
[BlackClock "0:00:13"]

1. d4 d5 2. c4 e6 3. Nf3 Nf6 4. Nc3 Nbd7 5. e3 Be7 6. Bd2 O-O 7. Rc1 c6 8. Be2 b6 9. cxd5 cxd5 10. Nb5 a6 11. Qa4 Ne4 12. Nc7 Ra7 13. Nb5 Rb7 14. Qxa6 Nxd2 15. Kxd2 Bb4+ 16. Kd3 Ba5 17. a3 e5 18. Nxe5 Nxe5+ 19. dxe5 Rc7 20. Qa8 Rxc1 21. Rxc1 Bf5+ 0-1


[Site "https://www.chess.com"]